 Dungeon Crawl Stone Soup version 0.30-a0-779-g7971cf19c3 (webtiles) character file.

Game seed: 15217081165177168798

527 Goldberg the Poker (level 7, -2/54 HPs)
             Began as a Human Fighter on Feb 17, 2023.
             Killed from afar by a white imp (13 damage)
             ... with a puff of frost
             ... summoned by Eustachio
             ... on level 4 of the Dungeon.
             The game lasted 00:17:54 (4104 turns).

Goldberg the Poker (Human Fighter)                  Turns: 4104, Time: 00:17:54

Health: -2/54      AC: 10    Str: 18    XL:     7   Next: 47%
Magic:  7/7        EV: 24    Int:  9    God:
Gold:   133        SH:  4    Dex: 12    Spells: 6/6 levels left

rFire   . . .      SeeInvis .    a - +0 trident
rCold   . . .      Faith    .    c - +0 buckler
rNeg    . . .      Spirit   .    n - +2 scale mail {Will+}
rPois   .          Reflect  .    (no helmet)
rElec   .          Harm     .    (no cloak)
rCorr   .          Rampage  .    d - +0 pair of gloves
Will    +....                    (no boots) Stlth
                                 h - amulet of the acrobat
HPRegen 0.29/turn                (no ring)
MPRegen 0.10/turn                (no ring)

@: acrobatic
A: no striking features
a: no special abilities


You were on level 4 of the Dungeon.
You visited 1 branch of the dungeon, and saw 4 of its levels.

You collected 322 gold pieces.
You spent 189 gold pieces at shops.

Inventory:

Hand Weapons
 a - a +0 trident (weapon)
 j - a +0 sling
Armour
 b - a +0 scale mail
 c - a +0 buckler (worn)
 d - a +0 pair of gloves (worn)
 l - a +0 chain mail
 n - a +2 scale mail of willpower (worn)
Jewellery
 f - a ring of magical power
 h - an amulet of the acrobat (around neck)
Scrolls
 e - 3 scrolls of identify {unknown}
 k - a scroll of fear {unknown}
 m - a scroll of vulnerability {unknown}
 o - a scroll of blinking
Potions
 g - 2 potions of flight


   Skills:
 + Level 4.0 Fighting
 * Level 6.4 Polearms
 + Level 3.9 Armour
 + Level 3.5 Shields


You had 6 spell levels left.
You didn't know any spells.
Your spell library contained the following spells:

 Spells                   Type           Power      Damage    Failure   Level
 Scorch                   Fire           0%         2d5       94%         2
 Flame Wave               Conj/Fire      0%         2d4       100%        4
 Summon Cactus Giant      Summ           0%         N/A       100%        6


Dungeon Overview and Level Annotations

Branches:
Dungeon (4/15)
 Temple: D:4-7

Altars:
Uskayaw

Shops:
D:2 [

Annotations:
D:4 Eustachio


Message History

You barely miss Eustachio.
Eustachio is heavily wounded.
Eustachio hits you with a +0 falchion!
You barely miss Eustachio.
Eustachio is heavily wounded.
Eustachio hits you but does no damage.
You hit Eustachio.
Eustachio is heavily wounded.
You block Eustachio's attack.
You hit Eustachio.
Eustachio is severely wounded.
Eustachio hits you with a +0 falchion. Eustachio barely misses you.
You closely miss Eustachio.
Eustachio is severely wounded.
Eustachio hits you with a +0 falchion.
* * * LOW HITPOINT WARNING * * *
You completely miss Eustachio.
Eustachio is severely wounded.
Eustachio hits you with a +0 falchion.
* * * LOW HITPOINT WARNING * * *
You feel better. Eustachio hits you with a +0 falchion.
You puncture Eustachio!
Eustachio is almost dead.
Eustachio mumbles some strange words.
You closely miss Eustachio.
Eustachio is almost dead.
Eustachio casts a spell.
Eustachio blinks!
The white imp misses you. The white imp gestures at you.
The puff of frost misses you. The white imp attacks as you move away!
The white imp barely misses you.
There is a stone staircase leading down here.
The white imp gestures at you. The puff of frost hits you!
* * * LOW HITPOINT WARNING * * *
The white imp gestures at you. The puff of frost misses you.
The white imp gestures at you. The puff of frost hits you!
You die...

#.#.## ... ##.###
.. #...# ..
#.#.#### .#
#...#....# ..#
#.####...#
###..#### #..
#....####......ยง#
#
#.#....55.#.#...#.#
#.<@#.###>#.......#
#.###.###.#.#....#.
#. #....5..##..## #
#####.### ##.# #.#
.# ..# # ####


You could see a white imp (summoned) and a shadow imp (summoned).

Vanquished Creatures
  Sigmund (D:3)
  An ogre (D:4)
  A bullfrog (D:4)
  A jelly (D:2)
  A hound (D:4)
  Terence (D:2)
  3 adders
  5 worms
  3 dart slugs
  5 orcs
  6 ball pythons
  14 endoplasms
  2 giant cockroaches (D:1)
  5 goblins
  4 hobgoblins
  2 jackals (D:2)
  18 kobolds
  4 quokkas
  9 bats
  2 frilled lizards (D:1)
  2 rats (D:1)
90 creatures vanquished.

Vanquished Creatures (others)
  5 fungi (D:2)
  10 toadstools (D:2)
15 creatures vanquished.

Grand Total: 105 creatures vanquished

Notes
Turn   | Place    | Note
-------+----------+-------------------------------------------
     0 | D:1      | Goldberg the Human Fighter began the quest for the Orb.
     0 | D:1      | Reached XP level 1. HP: 18/18 MP: 1/1
    79 | D:1      | Reached XP level 2. HP: 22/24 MP: 2/2
   732 | D:1      | Reached XP level 3. HP: 29/29 MP: 3/3
  1119 | D:2      | Reached skill level 3 in Polearms
  1119 | D:2      | Reached XP level 4. HP: 18/35 MP: 4/4
  1291 | D:2      | Found Toowk's Antique Armour Boutique.
  1324 | D:2      | Noticed Terence
  1349 | D:2      | Killed Terence
  1770 | D:2      | Reached XP level 5. HP: 41/41 MP: 5/5
  1827 | D:2      | Found a hide-covered altar of Uskayaw.
  2116 | D:2      | Reached skill level 4 in Polearms
  2823 | D:2      | Bought a glowing scale mail for 189 gold pieces
  2985 | D:3      | Noticed Sigmund
  2993 | D:3      | Killed Sigmund
  2994 | D:3      | Reached skill level 5 in Polearms
  2994 | D:3      | Reached XP level 6. HP: 39/48 MP: 6/6
  3481 | D:4      | Reached XP level 7. HP: 47/53 MP: 7/7
  3687 | D:4      | Reached skill level 6 in Polearms
  4026 | D:4      | Noticed Eustachio
  4104 | D:4      | Killed from afar by a white imp

Illustrated notes

Levels and vault maps discovered:
D:1:      psy_arrival_radial02, layout_basic
D:2:      cheibrodos_fertilizer, layout_basic, basic_altar, serial_shops,
          shop_fountains, st_stairs_8, uniq_terence
D:3:      layout_rooms, uniq_sigmund
D:4:      layout_loops_corners, kennysheep_cluttered_room, uniq_eustachio

Skill      XL: |  1  2  3  4  5  6  7 |
---------------+----------------------+-----
Polearms       | 3 5 6 |  6.4
Fighting       | 4 |  4.0
Armour         | |  3.9
Shields        | |  3.5

Action                     |  1- 3 |  4- 6 |  7- 9 || total
---------------------------+-------+-------+-------++-------
  Melee: Trident           |    97 |   208 |    88 ||   393
   Fire: Sling             |       |     2 |     1 ||     3
    Use: Scroll            |     3 |       |       ||     3
         Potion            |     3 |     9 |     2 ||    14
   Stab: Invisible         |     1 |       |       ||     1
 Armour: Scale mail        |    38 |     9 |    24 ||    71
         Chain mail        |       |    45 |       ||    45
  Dodge: Dodged            |    37 |    41 |    37 ||   115
  Block: Buckler           |    15 |    27 |    17 ||    59

Table legend: (Time is in decaauts)
 A = Elapsed time spent in this place.
 B = Non-inter-level travel time spent in this place.
 C = Inter-level travel time spent in this place.
 D = Time resting spent in this place.
 E = Time spent auto-exploring this place.
 F = Levels seen in this place.
 G = Mean time per level.
                   A        B        C        D        E       F      G
               +--------+--------+--------+--------+--------+-----+--------+
         Total |   4140 |   3912 |    228 |    496 |   2193 |   4 | 1035.0 |
       Dungeon |   4140 |   3912 |    228 |    496 |   2193 |   4 | 1035.0 |
               +--------+--------+--------+--------+--------+-----+--------+

Top non-repeatable levels by time:
     D:2: 1691 daAuts
     D:1: 1021 daAuts
     D:4: 790 daAuts
     D:3: 637 daAuts
